 Dungeon Crawl Stone Soup version 0.21.1-1-g345015f (webtiles) character file.

37 Monsterracer the Sneak (level 3, -2/29 HPs)
             Began as a Formicid Assassin on June 17, 2018.
             Slain by a gnoll
             ... wielding a +2 spear of piercing
              (9 damage)
             ... on level 2 of the Dungeon on June 19, 2018.
             The game lasted 00:02:55 (1219 turns).

Monsterracer the Sneak (Formicid Assassin)          Turns: 1219, Time: 00:02:56

Health: -2/29      AC:  6    Str: 16    XL:     3   Next: 62%
Magic:  3/3        EV: 11    Int: 10    God:
Gold:   47         SH:  0    Dex: 12    Spells: 2/2 levels left

rFire    . . .     SeeInvis +   b - +0 blowgun
rCold    . . .     Gourm    .   (no shield)
rNeg     . . .     Faith    .   k - +0 leather armour (curse)
rPois    .         Spirit   .   (helmet unavailable)
rElec    .         Reflect  .   d - +0 cloak
rCorr    .         Harm     .   (no gloves)
MR       .....                  (no boots)
Stlth    ++........             (no amulet)
HPRegen  0.09/turn              g - +2 ring of protection
MPRegen  0.08/turn              (no ring)

@: no status effects
A: permanent stasis, dig shafts and tunnels, four strong arms, antennae 3
a: Dig, Shaft Self


You were on level 2 of the Dungeon.
You were not hungry.

You visited 1 branch of the dungeon, and saw 2 of its levels.

You collected 47 gold pieces.

Inventory:

Hand Weapons
 a - a +2 dagger
 b - a +0 blowgun (weapon)
 i - a +1 vampiric short sword
 j - a +0 mace
Missiles
 e - 5 poisoned needles (quivered)
 f - 2 curare-tipped needles
Armour
 d - a +0 cloak (worn)
 k - a cursed +0 leather armour (worn)
Jewellery
 g - a +2 ring of protection (left hand)
Scrolls
 h - 2 scrolls of blinking {unknown}
Potions
 l - a potion of haste {unknown}
Comestibles
 c - 5 rations


   Skills:
 - Level 3.2 Fighting
 - Level 2.0 Short Blades
 + Level 1.4 Maces & Flails
 - Level 2.0 Throwing
 - Level 1.2 Armour
 - Level 0.8 Dodging
 - Level 4.8 Stealth


You had 2 spell levels left.
You didn't know any spells.

Dungeon Overview and Level Annotations

Branches:
Dungeon (2/15)

Altars:


Innate Abilities, Weirdness & Mutations

You cannot be hasted, slowed, berserked, paralysed or teleported.
You can dig through walls and to a lower floor.
Your four strong arms can wield two-handed weapons with a shield.
You have a pair of large antennae on your head. (SInv)


Message History

The gnoll hits you with a spear.
* * * LOW HITPOINT WARNING * * *
You take 3 damage, and have 14/29 hp.
You barely miss the gnoll.
The gnoll is heavily wounded.
The gnoll hits you with a spear.
* * * LOW HITPOINT WARNING * * *
You take 3 damage, and have 11/29 hp.
You hit the gnoll.
The gnoll is severely wounded.
You hit the gnoll.
The gnoll is almost dead.
The gnoll hits you but does no damage.
You barely miss the gnoll.
The gnoll is almost dead.
The gnoll closely misses you.
You barely miss the gnoll.
The gnoll is almost dead.
The gnoll barely misses you.
You completely miss the gnoll.
The gnoll is almost dead.
The gnoll hits you with a spear.
* * * LOW HITPOINT WARNING * * *
You take 4 damage, and have 7/29 hp.
You hit the gnoll but do no damage.
The gnoll is almost dead.
The gnoll misses you.
You hit the gnoll but do no damage.
The gnoll is almost dead.
The gnoll hits you with a spear.
* * * LOW HITPOINT WARNING * * *
You take 2 damage, and have 5/29 hp.
You hit the gnoll but do no damage.
The gnoll is almost dead.
The gnoll barely misses you.
You hit the gnoll.
You kill the gnoll!
Things that are here:
a spear; a gnoll corpse You butcher the gnoll corpse.
m - 2 chunks of flesh
Things that are here:
a spear; a gnoll skeleton You start resting.
Eating one of 2 chunks of flesh.
You eat one of the 2 chunks of flesh.
This raw flesh tastes terrible.
You regained 15 hp, and now have 20/29 hp.
All of the chunks of flesh in your inventory have rotted away.
HP restored.
You see here a spear.
A gnoll comes into view. It is wielding a spear of piercing.
Health restored: 29 A gnoll is nearby!
b - a +0 blowgun (weapon)
Quiver which item? (- for none, * to show all) (? for menu, Esc to quit)
Okay, then.
Firing (i - inventory. (,) - cycle):
e - 8 poisoned needles (quivered)
Press: ? - help, Shift-Dir - straight line, f - gnoll
Aim: a gnoll, wielding a spear of piercing (hasn't noticed you)
You shoot a poisoned needle.
The poisoned needle closely misses the gnoll.
Firing (i - inventory. (,) - cycle):
e - 7 poisoned needles (quivered)
Press: ? - help, Shift-Dir - straight line, f/p - gnoll
Aim: a gnoll, wielding a spear of piercing You shoot a poisoned needle.
The poisoned needle closely misses the gnoll.
Firing (i - inventory. (,) - cycle):
e - 6 poisoned needles (quivered)
Press: ? - help, Shift-Dir - straight line, f/p - gnoll
Aim: a gnoll, wielding a spear of piercing You shoot a poisoned needle.
The poisoned needle hits the gnoll.
The gnoll is poisoned.
a - a +2 dagger (weapon)
The gnoll looks more healthy.
You see here a spear.
The gnoll hits you with a spear of piercing.
You see here a spear.
You take 2 damage, and have 27/29 hp.
You barely miss the gnoll.
The gnoll is heavily wounded.
The gnoll hits you with a spear of piercing.
You take 2 damage, and have 25/29 hp.
You closely miss the gnoll.
The gnoll is heavily wounded.
You hit the gnoll but do no damage.
The gnoll is heavily wounded.
The gnoll hits you with a spear of piercing!
You take 9 damage, and have 16/29 hp.
MASSIVE DAMAGE!!
You are too injured to fight recklessly!
You hit the gnoll.
The gnoll is severely wounded.
The gnoll hits you with a spear of piercing.
* * * LOW HITPOINT WARNING * * *
You take 2 damage, and have 14/29 hp.
b - a +0 blowgun (weapon)
The gnoll hits you with a spear of piercing.
* * * LOW HITPOINT WARNING * * *
* * * LOW HITPOINT WARNING * * *
You take 7 damage, and have 7/29 hp.
MASSIVE DAMAGE!!
The gnoll hits you from afar with a spear of piercing!
You die...

####### #..<..# #.###.#
##### .. #.#### #...# #
###....########.#.######
#...##.##....@)g.......##.##
#.#..#.##.############.....#
#...#.#.##.# #...#...#
.....#...##.# #..g.......
###.....#....# #.#.....#.#
###.###.##.# #{#(..#.# # ..
......# ..#...#.# #.
#.####### ## .(... . # #
##.###


You could see a gnoll.

Vanquished Creatures
  A gnoll (D:2)
  7 bats (D:1)
  A giant cockroach (D:1)
  5 hobgoblins (D:1)
  3 jackals (D:1)
  4 kobolds (D:1)
  3 goblins (D:1)
  A rat (D:1)
25 creatures vanquished.

Notes
Turn   | Place    | Note
-------+----------+-------------------------------------------
     0 | D:1      | Monsterracer the Formicid Assassin began the quest for the Orb.
     0 | D:1      | Reached XP level 1. HP: 16/16 MP: 1/1
    54 | D:1      | Reached XP level 2. HP: 15/23 MP: 2/2
    80 | D:1      | Reached skill level 1 in Armour
   475 | D:1      | Reached XP level 3. HP: 29/29 MP: 3/3
   790 | D:1      | Reached skill level 1 in Maces & Flails
   916 | D:2      | HP: 14/29 [gnoll/spear (3)]
   922 | D:2      | HP: 7/29 [gnoll/spear (5)]
  1217 | D:2      | HP: 14/29 [gnoll/spear of piercing (1)]
  1219 | D:2      | Slain by a gnoll

Skill      XL: |  1  2  3 |
---------------+----------+-----
Armour         | 1 |  1.2
Fighting       | 3 |  3.2
Maces & Flails | 1 |  1.4
Short Blades   | |  2.0
Throwing       | |  2.0
Dodging        | |  0.8
Stealth        | |  4.8

Action                   || total
-------------------------++-------
Melee: Dagger            ||    94
 Fire: Blowgun           ||     3
 Stab: Sleeping          ||     7
  Eat: Chunk             ||     1
Armor: Robe              ||    27
       Leather armour    ||     6
Dodge: Dodged            ||    56

Vault maps used:
D:1:      minmay_arrival_diagonal_passages, minmay_pentomino_w2
D:2:      lemuel_doored_altar, chequers_ecumenical_altar_simple
